AoeStats
← poruba15

Arena

510167435Analyzed
2v2 RM · 15h ago on Sep 29, 2026· 29m 34s· 4 players
Game mode
Random Map
Map size
Medium (4 player)
Population
200
Speed
Normal
Resources
Standard
Victory
Conquest
Starting age
Dark Age
Ending age
Imperial Age
RankedLock teamsTeams togetherTeam positionsShared explorationLock speedFull tech treeHidden civsTurbo modeCheats
Victory
Defeat
🇬🇧 Malay · United Kingdom
843
+17
842
+17
🇨🇿 Teutons · Czechia
901
-18
🇹🇼 Persians · Taiwan
848
-16
TornBee2533810
10:52 Feudal Age
9:30 Loom
17:28 Castle Age
16:38 Double-Bit Axe
23:58 Forging
27:16 Iron Casting
Bobby Brad Phill Johnson Mcguire
9:03 Feudal Age
9:37 Double-Bit Axe
10:15 Horse Collar
13:29 Wheelbarrow
19:24 Castle Age
18:09 Stone Mining
18:13 Gold Mining
20:14 Heavy Plow
20:26 Bow Saw
20:55 Stone Shaft Mining
23:44 Town Watch
26:14 Hand Cart
32:21 Imperial Age
watchout0723
3:15 Loom
10:32 Feudal Age
15:34 Castle Age
14:36 Double-Bit Axe
14:34 Horse Collar
25:57 Heavy Plow
29:30 Imperial Age
28:14 Squires
28:18 Husbandry
29:58 Wheelbarrow
poruba15
0:27 Loom
13:52 Feudal Age
14:41 Double-Bit Axe
14:41 Horse Collar
14:54 Stone Mining
15:21 Gold Mining
20:19 Castle Age
20:27 Wheelbarrow
19:38 Town Watch
21:07 Heavy Plow
21:46 Stone Shaft Mining
22:41 Hand Cart
29:21 Imperial Age
Connection lost

Rejoining the realm…

Still unreachable

The connection could not be restored.

Session expired

The server has moved on; the page needs a fresh start.